 Dungeon Crawl Stone Soup version 0.21.1-1-g345015fe64 (webtiles) character file.

263 Evaline the Slasher (level 5, -1/46 HPs)
             Began as a Minotaur Fighter on June 28, 2018.
             Slain by an orc priest
             ... wielding a +0 rapier
              (2 damage)
             ... on level 3 of the Dungeon.
             The game lasted 00:12:12 (2562 turns).

Evaline the Slasher (Minotaur Fighter)              Turns: 2562, Time: 00:12:13

Health: -1/46      AC:  9    Str: 20    XL:     5   Next: 97%
Magic:  4/4        EV:  5    Int:  6    God:
Gold:   139        SH: 10    Dex: 10    Spells: 4/4 levels left

rFire    . . .     SeeInvis .   a - +0 long sword
rCold    . . .     Gourm    .   c - +0 shield
rNeg     . . .     Faith    .   o - +0 chain mail
rPois    .         Spirit   .   (helmet restricted)
rElec    .         Reflect  .   (no cloak)
rCorr    .         Harm     .   (no gloves)
MR       .....                  (no boots)
Stlth    ..........             (no amulet)
HPRegen  0.15/turn              (no ring)
MPRegen  0.09/turn              (no ring)

@: lethally poisoned (-1 -> -2)
A: retaliatory headbutt, horns 2
a: no special abilities


You were on level 3 of the Dungeon.
You were not hungry.

You visited 1 branch of the dungeon, and saw 4 of its levels.
You also visited: Sewer.

You collected 139 gold pieces.

Inventory:

Hand Weapons
 a - a +0 long sword (weapon)
 b - a +0 blowgun
 k - a +0 club
 q - a cursed -2 hand axe
 r - a +0 hunting sling
Missiles
 i - 26 stones
 l - 8 javelins (quivered)
 p - 36 poisoned needles
Armour
 c - a +0 shield (worn)
 o - a +0 chain mail (worn)
Wands
 B - a wand of flame (20)
Scrolls
 g - 3 scrolls of identify {unknown}
 j - 2 scrolls of random uselessness {unknown}
 m - 5 scrolls of remove curse {unknown}
 n - a scroll of immolation {unknown}
 u - 2 scrolls of blinking {unknown}
 v - a scroll of teleportation {unknown}
 x - a scroll of magic mapping {unknown}
 y - a scroll of fear {unknown}
Potions
 d - 2 potions of might
 e - 5 potions of curing {unknown}
 h - a potion of haste {unknown}
 s - a potion of berserk rage {unknown}
 t - a potion of brilliance {unknown}
 w - 2 potions of heal wounds {unknown}
 z - 3 potions of magic {unknown}
 A - a potion of ambrosia {unknown}
Comestibles
 f - 3 rations
 C - 4 chunks of flesh


   Skills:
 + Level 4.3 Fighting
 * Level 5.4 Long Blades
 + Level 4.4 Armour
 + Level 0.2 Dodging
 * Level 5.3 Shields


You had 4 spell levels left.
You didn't know any spells.

Dungeon Overview and Level Annotations

Branches:
Dungeon (4/15)
 Temple: D:4-7

Altars:
Uskayaw


Innate Abilities, Weirdness & Mutations

You reflexively headbutt those who attack you in melee.
You have a pair of horns on your head.


Message History

Something hits you but does no damage.
You closely miss the orc priest.
The orc priest is heavily wounded.
You block the orc priest's attack. Something hits you but does no damage.
The orc priest mumbles some strange prayers to Beogh against you.
Beogh smites you!
* * * LOW HITPOINT WARNING * * *
You closely miss the orc priest.
The orc priest is heavily wounded.
You hear some strange, mumbled words.
A puff of flame appears from out of thin air!
The puff of flame hits you!
* * * LOW HITPOINT WARNING * * *
You block the orc priest's attack.
You barely miss the orc priest.
The orc priest is heavily wounded.
* * * LOW HITPOINT WARNING * * *
You feel sick. Something hits you but does no damage.
The orc priest hits you with a rapier.
You die...

# ##### #.# #....
###..≈## #.#######......
##...≈≈## #.......#......
#≈≈≈#≈.#.##....##........
#≈r≈#≈≈##.#.##.##.#..[...
#≈.≈#≈≈###..##......S....
#≈r≈#≈.#....#####.#.....
#≈.≈#≈≈#....#####o# .o.
#≈≈≈#≈≈###......@{# #
..≈##≈≈≈......#####
..###.≈≈....#.#
###.##≈.>#..#.#
.....##.......#
.....##>.###.....
.....)...# .....
.....###.# ..... #.
.....# #... .#### ..


You could see an orc priest.

Vanquished Creatures
  The ghost of Scypier the Cudgeler, an amateur DsGl (D:3)
  A worker ant (D:4)
  2 adders (D:3)
  3 river rats (Sewer)
  An ooze (D:1)
  2 worms
  6 dart slugs
  7 leopard geckos
  2 orcs (D:3)
  7 bats
  2 giant cockroaches
  4 hobgoblins
  4 jackals (D:3)
  2 quokkas
  4 ball pythons
  11 frilled lizards
  5 goblins
  7 kobolds
  22 rats
93 creatures vanquished.

Notes
Turn   | Place    | Note
-------+----------+-------------------------------------------
     0 | D:1      | Evaline the Minotaur Fighter began the quest for the Orb.
     0 | D:1      | Reached XP level 1. HP: 19/19 MP: 0/0
    73 | D:1      | Reached XP level 2. HP: 25/27 MP: 1/1
   344 | D:1      | Reached XP level 3. HP: 25/33 MP: 2/2
   895 | D:2      | Found a hide-covered altar of Uskayaw.
  1205 | D:2      | You fall through a shaft for 2 floors!
  1212 | D:4      | Reached XP level 4. HP: 35/40 MP: 3/3
  1472 | D:3      | Found a glowing drain.
  1484 | Sewer    | Entered a sewer
  1635 | Sewer    | Reached XP level 5. HP: 41/46 MP: 4/4
  1909 | D:3      | Noticed a black bear
  2351 | D:3      | Noticed Scypier's ghost (amateur DsGl)
  2375 | D:3      | Killed Scypier's ghost
  2375 | D:3      | Reached skill level 5 in Long Blades
  2375 | D:3      | Reached skill level 5 in Shields
  2561 | D:3      | HP: 2/46 [something/puff of flame (5)]
  2562 | D:3      | Slain by an orc priest

Skill      XL: |  1  2  3  4  5 |
---------------+----------------+-----
Shields        | 4 5 |  5.3
Fighting       | 4 |  4.3
Long Blades    | 3 4 5 |  5.4
Armour         | 4 |  4.4
Dodging        | |  0.2

Action                   |  1- 3 |  4- 6 || total
-------------------------+-------+-------++-------
Melee: Long sword        |    95 |   167 ||   262
       Headbutt          |    20 |    27 ||    47
Throw: Javelin           |       |     1 ||     1
  Eat: Chunk             |     1 |     5 ||     6
Armor: Scale mail        |    22 |       ||    22
       Chain mail        |    36 |    81 ||   117
Dodge: Dodged            |    25 |    40 ||    65
Block: Shield            |    66 |    85 ||   151
       Rpst.: Long sword |     5 |    11 ||    16
